 Dungeon Crawl Stone Soup version 0.19.5 (webtiles) character file.

11 JeffiDaFish the Digger (level 2, -1/15 HPs)
             Began as a Gargoyle Earth Elementalist on Apr 28, 2018.
             Slain by a leopard gecko (3 damage)
             ... on level 1 of the Dungeon.
             The game lasted 00:01:18 (405 turns).

JeffiDaFish the Digger (Gargoyle Earth Elementalist) Turns: 405, Time: 00:01:19

Health: -1/15      AC:  4    Str: 11    XL:     2   Next: 29%
Magic:  0/5        EV: 12    Int: 15    God:
Gold:   86         SH:  0    Dex: 10    Spells: 1 memorised, 4 levels left

rFire  . . .     SeeInvis .     f - +0 dagger
rCold  . . .     Gourm    .     c - +0 robe
rNeg   + . .     Faith    .     (no shield)
rPois  ∞         Spirit   .     (no helmet)
rElec  +         Reflect  .     (no cloak)
rCorr  .         Harm     .     (no gloves)
MR     .....                    (no boots)
Stlth  ++........               (no amulet)
                                (no ring)
                                (no ring)

@: no status effects
A: negative energy resistance 1, electricity resistance, unbreathing,
petrification resistance, rot immunity, AC +2
a: no special abilities


You were on level 1 of the Dungeon.
You were not hungry.

You visited 1 branch of the dungeon, and saw 1 of its levels.

You collected 86 gold pieces.

Inventory:

Hand Weapons
 f - a +0 dagger (weapon)
Missiles
 b - 49 stones (quivered)
Armour
 c - a +0 robe (worn)
Jewellery
 a - an uncursed amulet of rage {unknown}
Scrolls
 g - a scroll of fog
Books
 e - a book of Geomancy

   Spells                             Type                      Level
   a - Sandblast                      Earth                        1
   b - Passwall                       Transmutation/Earth          2
   c - Stone Arrow                    Conjuration/Earth            3
   d - Petrify                        Transmutation/Earth          4
   e - Lee's Rapid Deconstruction     Earth                        5
Comestibles
 d - a bread ration
 h - 2 chunks of flesh


   Skills:
 + Level 1.9 Dodging
 - Level 2.1 Stealth
 + Level 2.2 Spellcasting
   Level 0.7 Transmutations
 + Level 3.9 Earth Magic


You had 4 spell levels left.
You knew the following spells:

 Your Spells              Type           Power        Failure   Level  Hunger
a - Sandblast             Erth           ##....       6%          1    #......


Dungeon Overview and Level Annotations

Branches:
Dungeon (1/15)

Altars:


Innate Abilities, Weirdness & Mutations

You are resistant to torment.
Your stone body is resilient. (AC +2)
You are immune to poison.
You resist negative energy. (rN+)
You are resistant to electric shocks. (rElec)
You can survive without breathing.
You are immune to petrification.
You are immune to rotting.


Message History

* * * LOW HITPOINT WARNING * * *
The bat misses you. x2
The bat hits you but does no damage.
The leopard gecko bites you but does no damage.
The bat hits you but does no damage. The bat misses you.
The leopard gecko barely misses you.
Casting: Sandblast
Confirm with . or Enter, or press ? or * to list all spells.
Aiming: Sandblast
Press: ? - help, Shift-Dir - straight line, f - leopard gecko
Aim: a leopard gecko The blast of sand misses the leopard gecko.
The bat barely misses you. The leopard gecko barely misses you.
The bat barely misses you. The bat hits you but does no damage.
The bat barely misses you.
There is a stone staircase leading down here.
The bat hits you but does no damage. The bat closely misses you.
The bat hits you but does no damage. The leopard gecko bites you.
You die...

###### #. ... #....# .
#..##.. #....# .# #..#...
#?...##.# ......?
####....... .......
##$##....#
.......###..#..b..#
.(....†......>l@..# .#
.....>............## ..#
...$........##.....# #.#
................÷#.####..#
.......#########.#..##..#
........ ########.......##
.....##. #≈§§≈≈#####.....#
......#. #§§§≈§#####...#.#
.##.
...##≈≈≈≈§##........####


You could see a leopard gecko and a bat.

Vanquished Creatures
  A dart slug (D:1)
  A goblin (D:1)
  A hobgoblin (D:1)
  A ball python (D:1)
  A bat (D:1)
  A frilled lizard (D:1)
  2 kobolds (D:1)
  4 rats (D:1)
12 creatures vanquished.

Notes
Turn   | Place    | Note
-------+----------+-------------------------------------------
     0 | D:1      | JeffiDaFish the Gargoyle Earth Elementalist began the quest for the Orb.
     0 | D:1      | Reached XP level 1. HP: 10/10 MP: 3/3
   378 | D:1      | Reached XP level 2. HP: 12/15 MP: 3/5
   405 | D:1      | Slain by a leopard gecko

Action                   || total
-------------------------++-------
Melee: Dagger            ||    26
       Unarmed           ||     1
 Cast: Sandblast         ||    12
  Use: Scroll            ||     3
       Potion            ||     1
 Stab: Sleeping          ||     1
Armor: Robe              ||    21
Dodge: Dodged            ||    44
